 Dungeon Crawl Stone Soup version 0.22-a0-379-ga9d99d6 (webtiles) character file.

60788 mortelune the Fighter (level 15, 0/139 HPs)
             Began as a Hill Orc Gladiator on Apr 28, 2018.
             Was an Elder of the Shining One.
             Slain by an orc knight
             ... wielding a +0 long sword of slicing
              (2 damage)
             ... on level 2 of the Orcish Mines.
             The game lasted 01:11:54 (27435 turns).

mortelune the Fighter (Hill Orc Gladiator)         Turns: 27435, Time: 01:11:55

Health: 0/139      AC: 22    Str: 24    XL:     15   Next: 0%
Magic:  25/25      EV: 14    Int:  8    God:    the Shining One [****..]
Gold:   1293       SH:  0    Dex: 12    Spells: 14/14 levels left

rFire    . . .     SeeInvis .   E - +9 falchion of Kismet {distort, *Noise +Rage MR++ Stlth+}
rCold    . . .     Gourm    .   (no shield)
rNeg     + + .     Faith    .   k - +0 plate armour
rPois    .         Spirit   .   h - +0 helmet
rElec    .         Reflect  .   R - +1 cloak {+Inv}
rCorr    .         Harm     .   x - +0 pair of gloves
MR       +++..                  V - +0 pair of boots
Stlth    ..........             P - amulet of rage
HPRegen  0.33/turn              Y - +4 ring of slaying
MPRegen  0.19/turn              J - +4 ring of evasion

@: glowing
A: no striking features
a: Divine Shield, Cleansing Flame, Renounce Religion, Evoke Berserk Rage, Evoke
Invisibility


You were on level 2 of the Orcish Mines.
You worshipped the Shining One.
The Shining One was greatly pleased with you.
You were not hungry.

You visited 3 branches of the dungeon, and saw 20 of its levels.
You also visited: Bailey.

You collected 1808 gold pieces.
You spent 515 gold pieces at shops.

Inventory:

Hand Weapons
 E - the +9 falchion of Kismet (weapon) {distort, *Noise +Rage MR++ Stlth+}
   (You found it on level 5 of the Dungeon)

   It warps and distorts space around it.
   Unwielding it can cause banishment or high damage.
   It affects your resistance to hostile enchantments.
   It lets you go berserk.
   It may make noises in combat.
   It makes you more stealthy.
Missiles
 d - 4 throwing nets
 o - 17 javelins (quivered)
 L - 12 tomahawks of dispersal
 M - 40 tomahawks
Armour
 h - a +0 helmet (worn)
 k - a +0 plate armour (worn)
 x - a +0 pair of gloves (worn)
 R - a +1 cloak of invisibility (worn)
 V - a +0 pair of boots (worn)
Jewellery
 A - an uncursed ring of poison resistance
 B - a +4 ring of protection
 J - a +4 ring of evasion (right hand)
 P - an amulet of rage (around neck)
 U - an uncursed ring of resist corrosion
 Y - a +4 ring of slaying (left hand)
Wands
 c - a wand of disintegration (26)
 p - a wand of acid (47)
 q - a wand of polymorph (33)
 y - a wand of flame (117)
 F - a wand of paralysis (12)
 O - a wand of iceblast (11)
Scrolls
 b - 2 scrolls of identify
 j - 6 scrolls of teleportation
 n - 7 scrolls of enchant weapon
 s - 2 scrolls of amnesia
 w - 3 scrolls of fear
 D - a scroll of vulnerability {unknown}
 H - a scroll of summoning
 N - 3 scrolls of immolation
 Q - 3 scrolls of enchant armour
 S - 10 scrolls of remove curse
 W - a scroll of fog
 Z - a scroll of acquirement {unknown}
Potions
 e - 5 potions of curing
 g - a potion of berserk rage {unknown}
 l - 4 potions of mutation
 m - 3 potions of might
 r - a potion of cancellation
 t - 5 potions of brilliance
 z - 2 potions of resistance
 K - 3 potions of agility
Comestibles
 f - 29 rations


   Skills:
 + Level 14.7 Fighting
 + Level 12.9 Long Blades
   Level 8.7 Axes
 + Level 8.3 Throwing
 + Level 12.0 Armour
 - Level 5.8 Dodging
 + Level 13.8 Invocations


You had 14 spell levels left.
You didn't know any spells.

Dungeon Overview and Level Annotations

Branches:
Dungeon (12/15)            Temple (0/1) D:6            Lair (6/6) D:8
 Shoals (0/4) Lair:3        Snake (0/4) Lair:2        Slime (0/5) Lair:5
    Orc (2/2) D:12            Elf (0/3) Orc:2

Altars:
Ashenzari
Elyvilon
Hepliaklqana
Nemelex Xobeh
Okawaru
Ru
Sif Muna
Xom
The Shining One
Jiyva

Shops:
D:8 [   D:10 *

Portals:
Trove: D:11 (give 2 scrolls of acquirement)

Annotations:
D:10 Josephine
Abyss:1 Fannar, Gastronok, Grum


Message History

The orc warrior hits you with a trident of piercing!
Throwing (i - inventory. (/) - cycle)
o - 18 javelins (quivered)
Press: ? - help, Shift-Dir - straight line, f/p - orc sorcerer
Aim: an orc sorcerer, wielding a dagger and wearing a robe (almost dead, unusually strong, haloed)
You throw a javelin. The javelin hits the orc sorcerer.
You kill the orc sorcerer!
You have reached level 15!
Your experience leads to an increase in your attributes!
Increase (S)trength, (I)ntelligence, or (D)exterity?
You feel stronger. x2
The orc knight hits you with a long sword of slicing!!
The orc warrior hits you with a trident of piercing!!
You hit the orc knight but do no damage.
The orc knight looks slightly unstable.
The orc knight is heavily wounded.
The orc warrior hits you with a trident of piercing!!
* * * LOW HITPOINT WARNING * * *
x2 The orc knight hits you with a long sword of slicing!
* * * LOW HITPOINT WARNING * * *
You die...

..#....#.##.#..............
...(......................)
##........##..............##
..........####............#
..........#.###..........#..
.........$...####.......##..
............#####.....>## ..
.......).[o)##.####....# ..
....#....[@#...# ...$##
..#####..o)[...###..## ..
#..[.[.....# ##...))....#
##....()...[# #......(..#$#
##........#[##
#...<........## .
..............#.######...


You could see an orc knight and an orc warrior.

Vanquished Creatures
  An entropy weaver (Lair:6)
  2 dire elephants (Lair:6)
  Erolcha (D:11)
  A hydra (Lair:2)
  An anaconda (Lair:6)
  6 two-headed ogres
  The ghost of Steelmeadow the Martial Artist, a novice DsMo of Makhleb (D:9)
  Nergalle (Lair:2)
  An unseen horror (D:10)
  The ghost of soark the Destroyer, a novice DECj of Vehumet (D:7)
  3 orc knights
  3 orc sorcerers
  4 oklob plants (Lair:5)
  A cyclops (D:11)
  3 black mambas
  7 elephants
  A centaur zombie (D:12)
  8 spiny frogs
  2 rime drakes (D:12)
  5 komodo dragons
  A polar bear (D:12)
  A hornet (D:6)
  2 trolls
  9 blink frogs
  8 hippogriffs
  A spriggan (D:7)
  6 yaks (Lair:3)
  3 wyverns
  A shadow (D:11)
  2 vampires
  2 wraiths
  2 hungry ghosts
  3 nagas (Lair:2)
  8 soldier ants
  8 water moccasins
  The ghost of soark the Conjurer, an amateur DECj (D:4)
  6 porcupines
  37 orc warriors
  A black bear (D:11)
  10 ice beasts
  2 phantoms
  11 ogres
  26 wolves
  10 crocodiles
  2 centaurs
  8 bullfrogs
  A gnoll sergeant (D:6)
  A wyvern skeleton (D:6)
  4 scorpions
  A water moccasin skeleton (D:8)
  8 killer bees
  9 wights
  5 electric eels (D:8)
  A howler monkey (D:10)
  6 crimson imps
  A bullfrog zombie (D:9)
  2 quasits
  A bullfrog skeleton (D:6)
  7 hounds
  21 orc wizards
  17 orc priests
  2 centaur skeletons
  A jelly (D:10)
  Jessica (D:2)
  24 worker ants
  3 iguanas
  12 hell rats (Lair:3)
  A killer bee zombie (D:8)
  A hound zombie (D:5)
  Robin (D:2)
  3 worker ant zombies
  14 adders
  5 gnolls
  14 river rats (Lair:3)
  A shadow imp (D:9)
  2 adder skeletons
  4 worms
  2 dart slugs
  7 leopard geckos
  98 orcs
  9 giant cockroaches
  15 goblins
  11 hobgoblins
  19 jackals
  14 quokkas
  A ball python (D:2)
  7 bats
  7 frilled lizards
  3 giant cockroach zombies
  8 kobolds
  A quokka zombie (D:9)
  20 rats
  A plant (Lair:6)
621 creatures vanquished.

Vanquished Creatures (collateral kills)
  An orc warlord (Orc:2)
  A dire elephant (Lair:6)
  2 hydras (Lair:6)
  An elephant (Lair:6)
  2 blink frogs (Lair:6)
  A soldier ant (Lair:6)
  2 orc warriors (Orc:2)
  A worker ant (Lair:6)
11 creatures vanquished.

Vanquished Creatures (others)
  An entropy weaver (Lair:6)
  2 hydras
  A queen ant (Lair:6)
  An orc high priest (Orc:1)
  A fire crab (Lair:5)
  2 orc knights (Bailey)
  An elephant (Lair:3)
  2 black mambas
  6 spiny frogs
  A torpor snail (Lair:3)
  A komodo dragon (Lair:5)
  A rime drake (Lair:5)
  2 blink frogs
  2 wraiths (D:10)
  A yak (Lair:3)
  A basilisk (Lair:1)
  2 soldier ants (Lair:6)
  3 water moccasins
  3 orc warriors
  A black bear (D:7)
  An ice beast (Orc:1)
  A bullfrog (Lair:5)
  A scorpion (D:5)
  A killer bee (D:7)
  A wight (D:8)
  A howler monkey (D:11)
  A jelly (D:6)
  3 hounds
  5 orc wizards
  A hell rat (Lair:3)
  A worker ant (Lair:6)
  A worker ant zombie (D:10)
  A gnoll (D:6)
  2 orcs
  A bush (Lair:5)
  11 fungi
  17 plants
85 creatures vanquished.

Grand Total: 717 creatures vanquished

Notes
Turn   | Place    | Note
-------+----------+-------------------------------------------
     0 | D:1      | mortelune the Hill Orc Gladiator began the quest for the Orb.
     0 | D:1      | Reached XP level 1. HP: 18/18 MP: 1/1
   141 | D:1      | Reached XP level 2. HP: 24/25 MP: 2/2
   371 | D:1      | Reached XP level 3. HP: 27/30 MP: 3/3
   413 | D:1      | Reached skill level 3 in Fighting
   587 | D:2      | Noticed Robin
   591 | D:2      | Reached skill level 5 in Axes
   849 | D:2      | Killed Robin
  1190 | D:2      | Reached XP level 4. HP: 38/38 MP: 4/4
  2069 | D:2      | Found a sacrificial altar of Ru.
  2069 | D:2      | Found a glowing golden altar of the Shining One.
  2076 | D:2      | Found a hazy altar of Hepliaklqana.
  2078 | D:2      | Found a faded altar of an unknown god.
  2080 | D:2      | Found a shattered altar of Ashenzari.
  2092 | D:2      | Became a worshipper of the Shining One
  2170 | D:2      | Noticed Jessica
  2177 | D:2      | Killed Jessica
  2520 | D:3      | Reached XP level 5. HP: 35/46 MP: 5/5
  3240 | D:3      | Reached skill level 4 in Fighting
  3347 | D:3      | Found a deep blue altar of Sif Muna.
  3757 | D:4      | Reached XP level 6. HP: 49/52 MP: 6/6
  3827 | D:4      | Noticed soark's ghost (amateur DECj)
  3894 | D:4      | Killed soark's ghost
  4070 | D:4      | Reached * piety under the Shining One
  4090 | D:4      | Reached XP level 7. HP: 42/60 MP: 7/7
  4376 | D:4      | Reached skill level 5 in Fighting
  4532 | D:5      | Entered Level 5 of the Dungeon
  4801 | D:5      | Found an iron altar of Okawaru.
  4818 | D:5      | Got a dazzling falchion
  4824 | D:5      | Identified the +9 falchion of Kismet {distort, *Noise +Rage MR++ Stlth+} (You found it on level 5 of the Dungeon)
  4969 | D:5      | You fall through a shaft!
  4971 | D:6      | Found a staircase to the Ecumenical Temple.
  4973 | D:6      | Reached ** piety under the Shining One
  4987 | D:6      | Reached skill level 1 in Long Blades
  4987 | D:6      | Reached XP level 8. HP: 39/70 MP: 8/8
  5194 | D:6      | Reached skill level 6 in Fighting
  5656 | D:6      | Noticed a hornet
  5668 | D:6      | Paralysed by a hornet for 1 turns
  5669 | D:6      | Killed a hornet
  5669 | D:6      | Reached skill level 7 in Fighting
  5669 | D:6      | Reached skill level 5 in Dodging
  5678 | D:6      | Reached XP level 9. HP: 49/79 MP: 9/9
  6230 | D:6      | Found a white marble altar of Elyvilon.
  6591 | D:5      | Reached skill level 8 in Fighting
  6591 | D:5      | Reached skill level 5 in Long Blades
  6790 | D:7      | Found a flagged portal.
  6803 | Bailey   | Entered a bailey
  6818 | Bailey   | Reached skill level 1 in Invocations
  7166 | Bailey   | Reached skill level 1 in Armour
  7533 | Bailey   | Reached skill level 10 in Fighting
  7533 | Bailey   | Reached XP level 10. HP: 94/94 MP: 10/15
  7537 | Bailey   | Noticed an orc knight
  7612 | Bailey   | Noticed an orc knight
  7616 | Bailey   | Banished an orc knight
  7617 | Bailey   | Noticed an orc knight
  7627 | Bailey   | Killed an orc knight
  7633 | Bailey   | Banished an orc knight
  8026 | Bailey   | Reached skill level 11 in Fighting
  8138 | D:7      | Reached XP level 11. HP: 102/102 MP: 17/17
  8276 | D:7      | Reached *** piety under the Shining One
  8656 | D:7      | Noticed soark's ghost (novice DECj)
  8672 | D:7      | Killed soark's ghost
  8877 | D:8      | Found a sparkling altar of Nemelex Xobeh.
  8905 | D:8      | Found Titirug's Armour Shoppe.
  8910 | D:8      | Bought a +0 pair of boots for 67 gold pieces
  9649 | D:8      | Found a staircase to the Lair.
  9841 | D:8      | Noticed a two-headed ogre
  9848 | D:8      | Killed a two-headed ogre
  9983 | D:9      | Found a sacrificial altar of Ru.
 10033 | D:9      | Noticed Steelmeadow's ghost (novice DsMo)
 10060 | D:9      | Killed Steelmeadow's ghost
 10164 | D:9      | Reached **** piety under the Shining One
 10756 | D:10     | Entered Level 10 of the Dungeon
 10782 | D:10     | Found Boen's Assorted Antiques.
 10782 | D:10     | Noticed an unseen horror
 10795 | D:10     | Killed an unseen horror
 10826 | D:10     | Bought a steel ring for 160 gold pieces
 10826 | D:10     | Bought a potion of curing for 96 gold pieces
 10826 | D:10     | Bought a scroll of teleportation for 96 gold pieces
 10826 | D:10     | Bought a potion of curing for 96 gold pieces
 11002 | D:10     | Noticed a two-headed ogre
 11097 | D:10     | Noticed a two-headed ogre
 11257 | D:10     | Killed a two-headed ogre
 11305 | D:10     | Killed a two-headed ogre
 11305 | D:10     | Reached skill level 10 in Invocations
 11305 | D:10     | Reached XP level 12. HP: 101/112 MP: 19/19
 11485 | D:10     | Reached skill level 12 in Fighting
 11539 | D:10     | Reached skill level 10 in Long Blades
 12100 | D:11     | Noticed a four-headed hydra
 12197 | D:11     | Noticed Erolcha
 12197 | D:11     | Reached ***** piety under the Shining One
 12203 | D:11     | Killed Erolcha
 12346 | D:11     | Noticed Josephine
 12361 | D:11     | Noticed Fannar
 12364 | D:11     | HP: 4/112 [Fannar/quarterstaff of freezing (4)]
 12645 | D:11     | Noticed Grum
 12988 | Lair:1   | Entered Level 1 of the Lair of Beasts
 13007 | Lair:1   | Noticed Gastronok
 13491 | Lair:1   | Banished Gastronok
 14621 | Lair:2   | Reached skill level 5 in Throwing
 14622 | Lair:2   | Found a staircase to the Snake Pit.
 14666 | Lair:2   | Noticed Nergalle
 15217 | Lair:2   | Noticed a seven-headed hydra
 15266 | Lair:2   | Killed a nine-headed hydra
 15441 | Lair:2   | Killed Nergalle
 15496 | Lair:3   | Reached XP level 13. HP: 118/119 MP: 21/21
 15760 | Lair:3   | Found a staircase to the Shoals.
 15802 | Lair:3   | Reached skill level 13 in Fighting
 15809 | Lair:3   | Reached skill level 10 in Armour
 18084 | Lair:5   | Found a staircase to the Slime Pits.
 18085 | Lair:5   | Found a viscous altar of Jiyva.
 20210 | Lair:6   | Entered Level 6 of the Lair of Beasts
 20935 | Lair:6   | Noticed an entropy weaver
 20942 | Lair:5   | Reached XP level 14. HP: 92/130 MP: 23/23
 21614 | Lair:6   | Noticed an entropy weaver
 21622 | Lair:6   | Banished an entropy weaver
 22005 | Lair:6   | Reached skill level 14 in Fighting
 22425 | Lair:6   | Killed an entropy weaver
 23273 | Lair:6   | Noticed a dire elephant
 23273 | Lair:6   | Noticed a dire elephant
 23284 | Lair:6   | Killed a dire elephant
 23447 | Lair:6   | Noticed a dire elephant
 23464 | Lair:6   | Killed a dire elephant
 23676 | Lair:6   | Noticed a dire elephant
 23751 | Lair:6   | Killed a dire elephant
 24178 | D:11     | Banished Grum
 24378 | D:11     | Banished Fannar
 24455 | D:11     | Found a portal to a secret trove of treasure.
 24934 | D:12     | Noticed a frost giant
 25299 | D:12     | Found a staircase to the Orcish Mines.
 25304 | Orc:1    | Entered Level 1 of the Orcish Mines
 25347 | Orc:1    | Found a shimmering altar of Xom.
 25433 | Orc:2    | Entered Level 2 of the Orcish Mines
 25441 | Orc:2    | Found a staircase to the Elven Halls.
 25587 | Orc:2    | Noticed an orc warlord
 25848 | Orc:2    | Killed an orc warlord
 27434 | Orc:2    | Reached XP level 15. HP: 103/139 MP: 25/25
 27435 | Orc:2    | HP: 2/139 [orc knight/long sword of slicing (7)]
 27435 | Orc:2    | Slain by an orc knight

Vault maps used:
D:1:      dpeg_arrival_fog
D:2:      wad_pebble_path, chequers_temple_overflow_minitemple,
          minmay_pentomino_o2, uniq_jessica, uniq_robin
D:3:      lemuel_blue_sif_altar
D:4:      first_ration
D:5:      okawaru_ov_weapons_minmay
D:6:      minmay_opposing_rooms, kennysheep_mini, temple_fountains
D:7:      enter_bailey_2, the_bakery
D:8:      lemuel_doored_altar, erik_lair_island, serial_shops, shop
D:9:      nicolae_ru_great_annihilating_truth
D:10:     serial_shops, shop
D:11:     nicolae_trove_entry_diagonal, nicolae_two_hexagons, uniq_josephine,
          uniq_erolcha, uniq_grum, uniq_fannar
D:12:     minmay_coctagon, kennysheep_generic_room_12
Lair:1:   lemuel_fruit_tree, uniq_gastronok
Lair:2:   cheibrodos_lair_river_kwai, guppyfry_snake_entry_garden, st_stairs_8,
          uniq_nergalle
Lair:3:   lemuel_ratsnest, elwin_shoals_entry_rocks
Lair:5:   slime_altar_1, st_stairs_6, grunt_megastairs_4,
          minmay_lair_oklob_chamber
Lair:6:   due_jungle_book, st_stairs_8, minmay_another_anthill,
          infiniplex_staircase_pool, grunt_megastairs_1
Orc:1:    basic_altar, portal_ice_cave_entry_ice_beasts
Orc:2:    grunt_orc_cross
Bailey:   bailey_polearm_5, bailey

Skill      XL: |  1  2  3  4  5  6  7  8  9 10 11 12 13 14 |
---------------+-------------------------------------------+-----
Fighting       | 3 4 5 7 10 11 12 13 14 | 14.7
Axes           | 5 6 7 8 |  8.7
Dodging        | 3 4 5 |  5.8
Long Blades    | 1 4 8 9 10 11 12 | 12.9
Invocations    | 7 8 10 11 12 13 | 13.8
Armour         | 6 8 9 10 12 | 12.0
Throwing       | 3 5 6 8 |  8.3

Action                   |  1- 3 |  4- 6 |  7- 9 | 10-12 | 13-15 || total
-------------------------+-------+-------+-------+-------+-------++-------
Melee: War axe           |    89 |   163 |    57 |       |       ||   309
       Falchion          |       |       |   103 |   419 |   804 ||  1326
Throw: Javelin           |       |       |    11 |    68 |    60 ||   139
Invok: Divine Shield     |       |       |     1 |     4 |     6 ||    11
       Summon Divine War |       |       |       |       |     6 ||     6
       Cleansing Flame   |       |       |       |       |     1 ||     1
Evoke: Wand              |       |       |       |     9 |     1 ||    10
  Use: Scroll            |       |     8 |     8 |     8 |     6 ||    30
       Potion            |       |       |     6 |     6 |     5 ||    17
  Eat: Chunk             |     1 |     8 |    10 |    17 |    18 ||    54
       Ration            |       |       |     1 |     2 |     7 ||    10
Armor: Leather armour    |    37 |    24 |       |       |       ||    61
       Plate armour      |       |    64 |    47 |   169 |   532 ||   812
       Ring mail         |       |    16 |       |       |       ||    16
       Skin              |       |     1 |       |       |       ||     1
       Scale mail        |       |       |    65 |    84 |       ||   149
Dodge: Dodged            |    98 |    70 |   125 |   369 |   574 ||  1236
Block: Other             |       |       |    10 |    23 |    67 ||   100
       Rpst.: Falchion   |       |       |    17 |    87 |   137 ||   241

Table legend:
 A = Spawn XP
 B = Non-spawn XP
 C = Spawn XP percentage of total XP
 D = Spawn monster count
 E = Non-spawn monster count
 F = Spawn count percentage of total count
 G = Total turns spent on level
                    A         B        C        D         E        F      G
               +---------+---------+-------+---------+---------+-------+---------
         Total |       0 |   83448 |   0.0 |       0 |     688 |   0.0 | 27435
               +---------+---------+-------+---------+---------+-------+---------
           D:1 |       0 |      51 |   0.0 |       0 |      30 |   0.0 |   838
           D:2 |       0 |     102 |   0.0 |       0 |      25 |   0.0 |  1581
           D:3 |       0 |     138 |   0.0 |       0 |      28 |   0.0 |  1343
           D:4 |       0 |     548 |   0.0 |       0 |      16 |   0.0 |   770
           D:5 |       0 |     499 |   0.0 |       0 |      22 |   0.0 |   891
           D:6 |       0 |    1531 |   0.0 |       0 |      30 |   0.0 |  1362
           D:7 |       0 |    2262 |   0.0 |       0 |      35 |   0.0 |   730
           D:8 |       0 |    3053 |   0.0 |       0 |      31 |   0.0 |  1640
           D:9 |       0 |    1957 |   0.0 |       0 |      27 |   0.0 |  1145
          D:10 |       0 |    4931 |   0.0 |       0 |      35 |   0.0 |  1671
          D:11 |       0 |    4498 |   0.0 |       0 |      32 |   0.0 |  1095
          D:12 |       0 |    5064 |   0.0 |       0 |      22 |   0.0 |   380
        Lair:1 |       0 |    3790 |   0.0 |       0 |      11 |   0.0 |   880
        Lair:2 |       0 |    3747 |   0.0 |       0 |      13 |   0.0 |  1208
        Lair:3 |       0 |    7590 |   0.0 |       0 |      74 |   0.0 |  1464
        Lair:4 |       0 |    1155 |   0.0 |       0 |       9 |   0.0 |  1215
        Lair:5 |       0 |   12197 |   0.0 |       0 |      45 |   0.0 |  3298
        Lair:6 |       0 |   17346 |   0.0 |       0 |      62 |   0.0 |  2534
         Orc:1 |       0 |    4062 |   0.0 |       0 |      50 |   0.0 |   788
         Orc:2 |       0 |    6066 |   0.0 |       0 |      51 |   0.0 |  1343
        Bailey |       0 |    2861 |   0.0 |       0 |      40 |   0.0 |  1259
               +---------+---------+-------+---------+---------+-------+---------
